[ AOE2 MATCH · #466833215 ]
UnrankedPoles vs None
Player's team · LOSS
Rival team · WIN
[ REPLAY ANALYSIS · EXTRACTED FROM THE RECORDED GAME ]
Feudal
—
Castle
—
Imperial
—
| APM avg | 17.0 |
| APM peak | 52 |
| eAPM avg | 11.3 |
| Villagers / military | 0 / 711 |
Focus
⚔️ 90.9% · 🌾 9.1%
Knight ×338 · Cavalry Archer ×296 · Battering Ram ×77
Feudal
—
Castle
—
Imperial
—
| APM avg | 19.5 |
| APM peak | 34 |
| eAPM avg | 3.8 |
| Villagers / military | 0 / 0 |
Focus
⚔️ 97.9% · 🌾 2.1%
Feudal
—
Castle
—
Imperial
—
| APM avg | 11.1 |
| APM peak | 20 |
| eAPM avg | 3.7 |
| Villagers / military | 0 / 0 |
Focus
⚔️ 90.0% · 🌾 10.0%
Feudal
—
Castle
—
Imperial
—
| APM avg | 25.1 |
| APM peak | 39 |
| eAPM avg | 9.1 |
| Villagers / military | 0 / 144 |
Focus
⚔️ 89.5% · 🌾 10.5%
Archer ×96 · Knight ×46 · Cavalry Archer ×2
Feudal
—
Castle
—
Imperial
—
| APM avg | 19.6 |
| APM peak | 41 |
| eAPM avg | 11.4 |
| Villagers / military | 0 / 457 |
Focus
⚔️ 90.6% · 🌾 9.4%
Knight ×457
Feudal
—
Castle
—
Imperial
—
| APM avg | 50.6 |
| APM peak | 91 |
| eAPM avg | 9.5 |
| Villagers / military | 0 / 80 |
Focus
⚔️ 92.8% · 🌾 7.2%
Steppe Lancer ×80
Feudal
—
Castle
—
Imperial
—
| APM avg | 18.0 |
| APM peak | 35 |
| eAPM avg | 10.2 |
| Villagers / military | 0 / 351 |
Focus
⚔️ 91.8% · 🌾 8.2%
Knight ×351
Feudal
—
Castle
—
Imperial
—
| APM avg | 34.2 |
| APM peak | 78 |
| eAPM avg | 12.6 |
| Villagers / military | 0 / 305 |
Focus
⚔️ 79.0% · 🌾 21.0%
Steppe Lancer ×189 · Cavalry Archer ×116
Match map
Initial resources + every placement click. Lines = walls · curves = elevation contours. ◆ gold · ⬟ stone · ● berries · ✦ relic · ◌ wall gap
Your base
e307ba01a's base· Open — unwalled flank
CH4RGER42's base· Open — unwalled flank
StarL0902's base
Hutchy's base· Open — unwalled flank
Trash Panda's base
yersonrodriguezcdrn's base
Ceejay1981's base
Smoothed initial terrain · ◌ = detected wall gap · hover for details
Inputs per minute
— Blindbaker - - e307ba01a
Build order — Blindbaker
First 150 of 196 actions detected
| 5:11 | Build | Archery Range |
| 5:12 | Build | Archery Range |
| 6:17 | Build | Stone Wall |
| 7:31 | Build | Archery Range |
| 7:32 | Build | Archery Range |
| 8:06 | Build | Stone Wall |
| 10:24 | Build | Stable |
| 10:26 | Build | Stable |
| 10:28 | Build | Stable |
| 10:29 | Build | Stable |
| 10:31 | Build | Stable |
| 10:33 | Build | Stable |
| 11:48 | Research | Bloodlines |
| 12:39 | Build | Stone Wall |
| 14:40 | Build | Archery Range |
| 14:42 | Build | Archery Range |
| 14:43 | Build | Archery Range |
| 14:45 | Build | Stable |
| 14:50 | Build | Archery Range |
| 14:53 | Build | Stable |
| 16:10 | Research | Thumb Ring |
| 16:12 | Create | Cavalry Archer ×5 |
| 16:13 | Create | Cavalry Archer ×5 |
| 16:13 | Create | Cavalry Archer ×5 |
| 16:14 | Create | Cavalry Archer |
| 16:15 | Create | Cavalry Archer ×5 |
| 16:15 | Create | Cavalry Archer ×5 |
| 16:15 | Create | Cavalry Archer ×5 |
| 16:15 | Create | Cavalry Archer ×5 |
| 16:16 | Create | Cavalry Archer ×5 |
| 16:16 | Create | Cavalry Archer ×5 |
| 16:16 | Create | Cavalry Archer ×5 |
| 16:17 | Create | Cavalry Archer ×5 |
| 16:17 | Create | Cavalry Archer ×3 |
| 16:21 | Research | Husbandry |
| 16:22 | Create | Knight ×5 |
| 16:23 | Create | Knight ×5 |
| 16:23 | Create | Knight ×5 |
| 16:23 | Create | Knight ×5 |
| 16:23 | Create | Knight ×5 |
| 16:23 | Create | Knight ×5 |
| 16:23 | Create | Knight ×5 |
| 16:24 | Create | Knight ×5 |
| 16:24 | Create | Knight ×5 |
| 16:24 | Create | Knight ×5 |
| 16:25 | Create | Knight ×5 |
| 16:25 | Create | Knight ×5 |
| 16:25 | Create | Knight ×5 |
| 16:25 | Create | Knight ×5 |
| 16:26 | Create | Knight ×5 |
| 16:26 | Create | Knight ×5 |
| 16:26 | Create | Knight ×5 |
| 16:27 | Create | Knight ×5 |
| 16:27 | Create | Knight ×5 |
| 16:27 | Create | Knight ×5 |
| 16:28 | Create | Knight ×4 |
| 16:28 | Create | Knight ×4 |
| 16:34 | Create | Cavalry Archer ×5 |
| 16:35 | Create | Cavalry Archer ×5 |
| 16:35 | Create | Cavalry Archer ×5 |
| 16:40 | Research | Bodkin Arrow |
| 16:41 | Research | Leather Archer Armor |
| 16:42 | Research | Chain Barding Armor |
| 16:43 | Research | Chain Mail Armor |
| 16:48 | Research | Treadmill Crane |
| 16:49 | Research | Ballistics |
| 16:50 | Research | Guard Tower (upgrade) |
| 17:02 | Create | Cavalry Archer ×4 |
| 17:04 | Create | Cavalry Archer ×5 |
| 17:04 | Create | Cavalry Archer ×5 |
| 17:04 | Create | Cavalry Archer ×5 |
| 17:38 | Create | Knight ×5 |
| 17:38 | Create | Knight ×5 |
| 17:38 | Create | Knight ×5 |
| 17:39 | Create | Knight ×5 |
| 17:39 | Create | Knight ×5 |
| 17:39 | Create | Knight ×4 |
| 17:40 | Create | Knight ×4 |
| 17:53 | Create | Knight ×5 |
| 17:53 | Create | Knight ×5 |
| 18:37 | Create | Knight ×5 |
| 18:38 | Create | Knight ×4 |
| 18:38 | Create | Knight ×4 |
| 18:38 | Create | Knight |
| 18:38 | Create | Knight |
| 18:39 | Create | Knight |
| 18:40 | Create | Cavalry Archer ×5 |
| 18:41 | Create | Cavalry Archer ×5 |
| 18:41 | Create | Cavalry Archer ×5 |
| 18:41 | Create | Cavalry Archer ×5 |
| 18:47 | Build | Archery Range |
| 18:49 | Build | Archery Range |
| 18:50 | Build | Archery Range |
| 18:56 | Build | Stable |
| 19:44 | Create | Knight ×5 |
| 19:44 | Create | Knight ×5 |
| 19:44 | Create | Knight ×5 |
| 19:44 | Create | Knight ×5 |
| 19:50 | Create | Knight ×5 |
| 19:50 | Create | Knight ×5 |
| 19:50 | Create | Knight ×5 |
| 19:50 | Create | Knight ×5 |
| 19:53 | Create | Knight ×5 |
| 19:53 | Create | Knight ×5 |
| 20:11 | Create | Knight ×2 |
| 20:11 | Create | Knight ×2 |
| 20:19 | Create | Cavalry Archer ×5 |
| 20:19 | Create | Cavalry Archer ×5 |
| 20:20 | Create | Cavalry Archer ×5 |
| 20:20 | Create | Cavalry Archer ×5 |
| 20:20 | Create | Cavalry Archer ×5 |
| 20:21 | Create | Cavalry Archer ×5 |
| 20:21 | Create | Cavalry Archer ×5 |
| 20:22 | Create | Cavalry Archer ×5 |
| 20:22 | Create | Cavalry Archer ×5 |
| 20:22 | Create | Cavalry Archer ×5 |
| 20:23 | Create | Cavalry Archer |
| 20:24 | Create | Cavalry Archer ×5 |
| 20:24 | Create | Cavalry Archer ×5 |
| 20:58 | Create | Cavalry Archer ×5 |
| 20:58 | Create | Cavalry Archer ×5 |
| 20:59 | Create | Cavalry Archer ×5 |
| 20:59 | Create | Cavalry Archer ×5 |
| 20:59 | Create | Cavalry Archer ×5 |
| 21:00 | Create | Cavalry Archer ×5 |
| 21:01 | Create | Cavalry Archer ×4 |
| 21:11 | Create | Cavalry Archer ×3 |
| 21:20 | Build | Archery Range |
| 21:22 | Build | Archery Range |
| 21:25 | Build | Archery Range |
| 21:26 | Build | Archery Range |
| 21:28 | Build | Stable |
| 21:30 | Build | Stable |
| 21:33 | Build | Stable |
| 22:37 | Create | Knight ×5 |
| 22:37 | Create | Knight ×5 |
| 22:37 | Create | Knight ×5 |
| 22:38 | Create | Knight ×5 |
| 22:38 | Create | Knight ×5 |
| 22:38 | Create | Knight ×5 |
| 22:39 | Create | Knight ×5 |
| 22:39 | Create | Knight ×5 |
| 22:39 | Create | Knight ×5 |
| 22:39 | Create | Knight ×5 |
| 22:39 | Create | Knight ×5 |
| 22:41 | Create | Knight ×5 |
| 22:42 | Create | Knight ×5 |
| 22:42 | Create | Knight |
| 22:42 | Create | Knight ×5 |
| 22:43 | Create | Knight ×5 |
Build order — e307ba01a
10 actions detected in the replay
| 15:03 | Research | Bodkin Arrow |
| 15:03 | Research | Leather Archer Armor |
| 15:04 | Research | Iron Casting |
| 15:04 | Research | Chain Mail Armor |
| 15:07 | Research | Hulche Javelineers |
| 15:09 | Research | Ballistics |
| 15:10 | Research | Treadmill Crane |
| 15:11 | Research | Guard Tower (upgrade) |
| 15:11 | Research | Tech 908 |
| 15:12 | Research | Careening |
Build order — CH4RGER42
10 actions detected in the replay
| 19:12 | Research | Iron Casting |
| 19:12 | Research | Chain Mail Armor |
| 19:14 | Research | Chain Barding Armor |
| 19:15 | Research | Bodkin Arrow |
| 19:15 | Research | Leather Archer Armor |
| 19:18 | Research | Treadmill Crane |
| 19:19 | Research | Ballistics |
| 19:19 | Research | Guard Tower (upgrade) |
| 19:20 | Research | Tech 908 |
| 19:23 | Research | Careening |
Build order — StarL0902
66 actions detected in the replay
| 13:31 | Research | Great Wall |
| 13:36 | Research | Bodkin Arrow |
| 13:37 | Research | Leather Archer Armor |
| 13:37 | Research | Chain Barding Armor |
| 13:38 | Research | Chain Mail Armor |
| 13:39 | Research | Iron Casting |
| 13:42 | Research | Ballistics |
| 13:43 | Research | Guard Tower (upgrade) |
| 17:26 | Build | Archery Range |
| 17:28 | Build | Archery Range |
| 17:58 | Build | Stable |
| 18:00 | Build | Stable |
| 18:37 | Research | Elite Skirmisher (upgrade) |
| 18:37 | Research | Crossbowman (upgrade) |
| 19:23 | Create | Archer |
| 19:23 | Create | Archer |
| 19:25 | Create | Archer ×5 |
| 19:25 | Create | Archer ×5 |
| 19:25 | Create | Archer ×5 |
| 19:26 | Create | Archer ×5 |
| 19:26 | Create | Archer ×5 |
| 19:27 | Create | Archer ×2 |
| 20:19 | Create | Cavalry Archer |
| 20:19 | Create | Cavalry Archer |
| 20:24 | Research | Bloodlines |
| 20:25 | Research | Husbandry |
| 20:26 | Create | Knight |
| 20:26 | Create | Knight |
| 20:27 | Create | Knight ×5 |
| 20:27 | Create | Knight ×5 |
| 20:28 | Create | Knight ×5 |
| 20:28 | Create | Knight ×5 |
| 20:29 | Create | Knight ×5 |
| 20:29 | Create | Knight |
| 20:38 | Build | Archery Range |
| 20:39 | Build | Archery Range |
| 20:41 | Build | Archery Range |
| 20:43 | Build | Archery Range |
| 20:47 | Build | Archery Range |
| 20:49 | Build | Archery Range |
| 20:50 | Build | Archery Range |
| 20:53 | Build | Archery Range |
| 21:06 | Create | Knight |
| 21:38 | Create | Knight ×2 |
| 21:38 | Create | Knight ×2 |
| 21:52 | Build | Stable |
| 21:53 | Build | Stable |
| 21:55 | Build | Stable |
| 21:56 | Build | Stable |
| 22:34 | Create | Archer ×5 |
| 22:35 | Create | Archer ×5 |
| 22:35 | Create | Archer ×5 |
| 24:10 | Create | Archer ×5 |
| 24:10 | Create | Archer ×5 |
| 24:11 | Create | Archer ×5 |
| 24:11 | Create | Archer ×5 |
| 24:11 | Create | Archer ×5 |
| 24:12 | Create | Archer ×5 |
| 24:12 | Create | Archer ×5 |
| 24:13 | Create | Archer ×5 |
| 24:13 | Create | Archer ×4 |
| 24:39 | Create | Archer ×4 |
| 24:51 | Create | Knight ×5 |
| 24:52 | Create | Knight ×5 |
| 24:52 | Create | Knight ×3 |
| 25:10 | Create | Archer ×4 |
Build order — Hutchy
150 actions detected in the replay
| 7:22 | Research | Chain Mail Armor |
| 7:25 | Research | Bodkin Arrow |
| 7:25 | Research | Leather Archer Armor |
| 7:26 | Research | Chain Barding Armor |
| 7:29 | Research | Ballistics |
| 7:30 | Research | Tech 909 |
| 7:31 | Research | Tech 908 |
| 7:32 | Research | Careening |
| 10:40 | Research | First Crusade |
| 10:46 | Build | Stable |
| 10:49 | Build | Stable |
| 10:50 | Build | Stable |
| 10:52 | Build | Stable |
| 10:53 | Build | Stable |
| 10:55 | Build | Stable |
| 10:56 | Build | Stable |
| 10:57 | Build | Stable |
| 11:00 | Build | Stable |
| 11:01 | Build | Stable |
| 11:03 | Build | Stable |
| 11:04 | Build | Stable |
| 11:06 | Build | Stable |
| 11:07 | Build | Stable |
| 11:08 | Build | Stable |
| 11:10 | Build | Stable |
| 11:43 | Research | Bloodlines |
| 11:45 | Research | Husbandry |
| 12:47 | Create | Knight ×5 |
| 12:48 | Create | Knight ×5 |
| 12:48 | Create | Knight ×5 |
| 12:48 | Create | Knight ×5 |
| 12:48 | Create | Knight ×5 |
| 12:49 | Create | Knight ×5 |
| 12:49 | Create | Knight ×5 |
| 12:49 | Create | Knight ×5 |
| 12:50 | Create | Knight ×5 |
| 12:50 | Create | Knight ×4 |
| 13:41 | Create | Knight ×5 |
| 13:41 | Create | Knight ×5 |
| 13:41 | Create | Knight ×5 |
| 13:42 | Create | Knight ×5 |
| 13:42 | Create | Knight ×3 |
| 14:27 | Create | Knight ×5 |
| 14:27 | Create | Knight ×5 |
| 14:27 | Create | Knight ×5 |
| 14:28 | Create | Knight ×5 |
| 14:28 | Create | Knight ×5 |
| 14:28 | Create | Knight ×2 |
| 14:29 | Create | Knight ×2 |
| 15:38 | Create | Knight ×5 |
| 15:39 | Create | Knight ×5 |
| 15:39 | Create | Knight ×5 |
| 15:39 | Create | Knight ×5 |
| 15:39 | Create | Knight ×5 |
| 15:40 | Create | Knight ×5 |
| 16:10 | Create | Knight ×5 |
| 16:11 | Create | Knight ×5 |
| 16:11 | Create | Knight ×5 |
| 16:11 | Create | Knight ×5 |
| 16:12 | Create | Knight ×5 |
| 16:12 | Create | Knight ×5 |
| 16:12 | Create | Knight ×2 |
| 16:49 | Create | Knight ×5 |
| 16:50 | Create | Knight ×5 |
| 16:50 | Create | Knight ×5 |
| 17:06 | Create | Knight ×5 |
| 17:06 | Create | Knight ×5 |
| 17:10 | Create | Knight ×5 |
| 17:10 | Create | Knight ×5 |
| 17:10 | Create | Knight ×2 |
| 17:11 | Create | Knight ×2 |
| 17:59 | Create | Knight ×5 |
| 17:59 | Create | Knight ×5 |
| 18:00 | Create | Knight ×5 |
| 18:00 | Create | Knight ×2 |
| 18:00 | Create | Knight ×2 |
| 18:24 | Create | Knight ×5 |
| 18:24 | Create | Knight ×5 |
| 18:25 | Create | Knight |
| 18:59 | Create | Knight ×5 |
| 18:59 | Create | Knight ×5 |
| 19:00 | Create | Knight ×3 |
| 19:32 | Build | Stable |
| 19:54 | Create | Knight ×5 |
| 19:54 | Create | Knight ×5 |
| 19:54 | Create | Knight ×5 |
| 19:55 | Create | Knight ×5 |
| 19:55 | Create | Knight ×3 |
| 20:26 | Create | Knight ×5 |
| 20:26 | Create | Knight ×5 |
| 20:27 | Create | Knight ×5 |
| 20:27 | Create | Knight ×2 |
| 20:38 | Create | Knight ×5 |
| 20:38 | Create | Knight ×5 |
| 20:39 | Create | Knight ×5 |
| 20:39 | Create | Knight ×5 |
| 20:39 | Create | Knight ×5 |
| 21:16 | Create | Knight ×5 |
| 21:16 | Create | Knight ×5 |
| 21:16 | Create | Knight ×5 |
| 21:17 | Create | Knight ×5 |
| 21:17 | Create | Knight ×2 |
| 21:17 | Create | Knight ×5 |
| 21:18 | Create | Knight ×5 |
| 21:23 | Build | Stable |
| 21:34 | Create | Knight ×5 |
| 21:34 | Create | Knight ×5 |
| 21:35 | Create | Knight ×5 |
| 21:51 | Create | Knight ×5 |
| 21:51 | Create | Knight ×5 |
| 21:52 | Create | Knight ×5 |
| 21:52 | Create | Knight ×5 |
| 21:52 | Create | Knight ×5 |
| 21:56 | Create | Knight ×2 |
| 21:56 | Create | Knight ×2 |
| 21:56 | Create | Knight ×2 |
| 21:56 | Create | Knight ×2 |
| 21:56 | Create | Knight ×2 |
| 21:58 | Create | Knight |
| 21:58 | Create | Knight |
| 22:21 | Research | Cavalier (upgrade) |
| 22:24 | Research | Hauberk |
| 22:25 | Research | Conscription |
| 22:25 | Research | Spies/Treason |
| 22:26 | Research | Sappers |
| 22:29 | Research | Blast Furnace |
| 22:31 | Research | Plate Barding Armor |
| 22:31 | Research | Plate Mail Armor |
| 22:32 | Research | Bracer |
| 22:32 | Research | Bracer |
| 22:35 | Research | Chemistry |
| 22:35 | Research | Arrowslits |
| 22:36 | Research | Shipwright |
| 22:36 | Research | Tech 907 |
| 22:37 | Research | Dry Dock |
| 22:37 | Research | Dry Dock |
| 22:38 | Research | Siege Engineers |
| 22:58 | Create | Knight ×5 |
| 22:59 | Create | Knight ×5 |
| 22:59 | Create | Knight ×5 |
| 22:59 | Create | Knight ×5 |
| 22:59 | Create | Knight ×5 |
| 23:00 | Create | Knight ×5 |
| 23:00 | Create | Knight ×5 |
| 23:00 | Create | Knight ×5 |
| 23:26 | Create | Knight ×5 |
| 23:27 | Create | Knight ×5 |
| 23:27 | Create | Knight ×5 |
| 23:27 | Create | Knight ×5 |
| 23:27 | Create | Knight ×3 |
Build order — Trash Panda
33 actions detected in the replay
| 16:52 | Research | Chain Barding Armor |
| 16:57 | Research | Ballistics |
| 16:59 | Research | Guard Tower (upgrade) |
| 17:01 | Research | Bodkin Arrow |
| 17:01 | Research | Iron Casting |
| 17:02 | Research | Leather Archer Armor |
| 17:05 | Research | Silk Armor |
| 21:42 | Build | Stable |
| 21:43 | Build | Stable |
| 21:45 | Build | Stable |
| 21:48 | Build | Stable |
| 21:58 | Build | Stable |
| 23:18 | Research | Bloodlines |
| 23:19 | Research | Husbandry |
| 23:22 | Create | Steppe Lancer ×5 |
| 23:22 | Create | Steppe Lancer ×5 |
| 24:03 | Create | Steppe Lancer ×5 |
| 24:03 | Create | Steppe Lancer ×5 |
| 24:04 | Create | Steppe Lancer ×5 |
| 24:04 | Create | Steppe Lancer ×5 |
| 24:04 | Create | Steppe Lancer ×5 |
| 24:12 | Build | Stable |
| 24:14 | Build | Stable |
| 24:15 | Build | Stable |
| 24:31 | Create | Steppe Lancer ×5 |
| 24:31 | Create | Steppe Lancer ×5 |
| 24:31 | Create | Steppe Lancer ×5 |
| 24:32 | Create | Steppe Lancer ×5 |
| 25:31 | Create | Steppe Lancer ×5 |
| 25:31 | Create | Steppe Lancer ×5 |
| 25:32 | Create | Steppe Lancer ×5 |
| 25:32 | Create | Steppe Lancer ×5 |
| 25:32 | Create | Steppe Lancer ×5 |
Build order — yersonrodriguezcdrn
114 actions detected in the replay
| 9:03 | Research | Tigui |
| 9:07 | Research | Chain Mail Armor |
| 9:08 | Research | Chain Barding Armor |
| 9:09 | Research | Bodkin Arrow |
| 9:09 | Research | Leather Archer Armor |
| 9:13 | Research | Treadmill Crane |
| 9:13 | Research | Ballistics |
| 9:14 | Research | Guard Tower (upgrade) |
| 9:15 | Research | Tech 908 |
| 9:16 | Research | Careening |
| 10:49 | Build | Stable |
| 10:51 | Build | Stable |
| 10:52 | Build | Stable |
| 10:54 | Build | Stable |
| 10:56 | Build | Stable |
| 10:57 | Build | Stable |
| 10:59 | Build | Stable |
| 11:00 | Build | Stable |
| 11:08 | Build | Stable |
| 11:10 | Build | Stable |
| 11:11 | Build | Stable |
| 11:15 | Build | Stable |
| 11:16 | Build | Stable |
| 11:17 | Build | Stable |
| 11:19 | Build | Stable |
| 11:20 | Build | Stable |
| 13:19 | Research | Bloodlines |
| 13:20 | Research | Husbandry |
| 13:21 | Research | Light Cavalry (upgrade) |
| 17:42 | Research | Cavalier (upgrade) |
| 17:45 | Research | Elite Gbeto (upgrade) |
| 17:46 | Research | Conscription |
| 17:47 | Research | Farimba |
| 17:48 | Research | Sappers |
| 17:49 | Research | Spies/Treason |
| 17:52 | Research | Plate Barding Armor |
| 17:54 | Research | Ring Archer Armor |
| 17:56 | Research | Chemistry |
| 17:57 | Research | Keep (upgrade) |
| 17:58 | Research | Tech 907 |
| 17:59 | Research | Dry Dock |
| 18:02 | Research | Plate Mail Armor |
| 18:07 | Create | Knight ×5 |
| 18:08 | Create | Knight ×5 |
| 18:08 | Create | Knight ×5 |
| 18:08 | Create | Knight ×5 |
| 18:09 | Create | Knight ×5 |
| 18:09 | Create | Knight ×5 |
| 18:30 | Create | Knight ×5 |
| 18:30 | Create | Knight ×5 |
| 18:31 | Create | Knight ×5 |
| 18:33 | Research | Heavy Camel Rider (upgrade) |
| 19:06 | Create | Knight ×5 |
| 19:06 | Create | Knight ×5 |
| 19:07 | Create | Knight ×5 |
| 19:07 | Create | Knight ×5 |
| 19:29 | Create | Knight ×5 |
| 19:29 | Create | Knight ×5 |
| 19:29 | Create | Knight ×5 |
| 19:30 | Create | Knight ×5 |
| 19:30 | Create | Knight ×5 |
| 20:04 | Create | Knight ×5 |
| 20:04 | Create | Knight ×5 |
| 20:04 | Create | Knight ×5 |
| 20:04 | Create | Knight ×5 |
| 20:05 | Create | Knight ×5 |
| 22:19 | Create | Knight ×5 |
| 22:19 | Create | Knight ×5 |
| 22:20 | Create | Knight ×5 |
| 22:20 | Create | Knight ×5 |
| 22:20 | Create | Knight ×5 |
| 22:21 | Create | Knight ×5 |
| 22:21 | Create | Knight ×5 |
| 22:21 | Create | Knight ×5 |
| 22:21 | Create | Knight ×5 |
| 22:22 | Create | Knight ×5 |
| 22:22 | Create | Knight ×5 |
| 22:22 | Create | Knight ×5 |
| 22:23 | Create | Knight ×5 |
| 22:23 | Create | Knight ×5 |
| 22:23 | Create | Knight ×5 |
| 22:24 | Create | Knight ×5 |
| 22:24 | Create | Knight ×5 |
| 23:18 | Create | Knight ×5 |
| 23:18 | Create | Knight ×5 |
| 23:19 | Create | Knight ×5 |
| 23:19 | Create | Knight ×5 |
| 23:19 | Create | Knight ×5 |
| 23:20 | Create | Knight ×5 |
| 23:20 | Create | Knight ×5 |
| 24:18 | Create | Knight ×5 |
| 24:18 | Create | Knight ×5 |
| 24:19 | Create | Knight ×5 |
| 24:19 | Create | Knight |
| 24:43 | Create | Knight ×5 |
| 24:43 | Create | Knight ×5 |
| 24:43 | Create | Knight ×5 |
| 24:44 | Create | Knight ×5 |
| 24:44 | Create | Knight ×5 |
| 25:42 | Create | Knight ×5 |
| 25:42 | Create | Knight ×5 |
| 25:42 | Create | Knight ×5 |
| 25:43 | Create | Knight ×5 |
| 25:43 | Create | Knight ×5 |
| 25:44 | Create | Knight ×5 |
| 25:44 | Create | Knight ×5 |
| 26:29 | Create | Knight ×5 |
| 26:29 | Create | Knight ×5 |
| 26:29 | Create | Knight ×5 |
| 26:30 | Create | Knight ×5 |
| 26:30 | Create | Knight ×5 |
| 26:30 | Create | Knight ×5 |
| 26:31 | Create | Knight ×5 |
| 26:31 | Create | Knight ×5 |
Build order — Ceejay1981
140 actions detected in the replay
| 8:40 | Build | Archery Range |
| 8:41 | Build | Archery Range |
| 8:43 | Build | Archery Range |
| 8:45 | Build | Archery Range |
| 8:55 | Build | Stable |
| 8:57 | Build | Stable |
| 8:59 | Build | Stable |
| 9:01 | Build | Stable |
| 9:03 | Build | Stable |
| 9:04 | Build | Stable |
| 9:06 | Build | Stable |
| 9:07 | Build | Stable |
| 9:08 | Build | Stable |
| 13:10 | Research | Husbandry |
| 13:14 | Research | Bloodlines |
| 13:15 | Research | Light Cavalry (upgrade) |
| 13:18 | Research | Elite Skirmisher (upgrade) |
| 13:21 | Research | Thumb Ring |
| 13:25 | Research | Crossbowman (upgrade) |
| 13:29 | Research | Nomads |
| 13:33 | Research | Ballistics |
| 13:34 | Research | Guard Tower (upgrade) |
| 13:35 | Research | Tech 909 |
| 13:36 | Research | Tech 908 |
| 13:40 | Research | Chain Barding Armor |
| 13:41 | Research | Chain Mail Armor |
| 13:42 | Research | Iron Casting |
| 13:42 | Research | Bodkin Arrow |
| 13:43 | Research | Leather Archer Armor |
| 16:34 | Create | Cavalry Archer ×5 |
| 16:34 | Create | Cavalry Archer ×5 |
| 16:34 | Create | Cavalry Archer ×5 |
| 16:43 | Create | Cavalry Archer ×5 |
| 16:44 | Create | Cavalry Archer ×5 |
| 16:44 | Create | Cavalry Archer ×5 |
| 16:52 | Create | Steppe Lancer ×5 |
| 16:52 | Create | Steppe Lancer ×5 |
| 16:53 | Create | Steppe Lancer ×5 |
| 18:34 | Build | Watch Tower |
| 18:36 | Build | Watch Tower |
| 18:37 | Build | Watch Tower |
| 18:38 | Build | Watch Tower |
| 18:40 | Build | Watch Tower |
| 18:41 | Build | Watch Tower |
| 18:42 | Build | Watch Tower |
| 18:43 | Build | Watch Tower |
| 18:44 | Build | Watch Tower |
| 18:45 | Build | Watch Tower |
| 18:46 | Build | Watch Tower |
| 18:47 | Build | Watch Tower |
| 19:03 | Create | Cavalry Archer ×5 |
| 19:03 | Create | Cavalry Archer ×5 |
| 19:04 | Create | Cavalry Archer ×5 |
| 19:14 | Create | Cavalry Archer ×5 |
| 19:15 | Create | Cavalry Archer ×5 |
| 19:15 | Create | Cavalry Archer ×5 |
| 19:27 | Research | Careening |
| 20:52 | Create | Steppe Lancer ×5 |
| 20:52 | Create | Steppe Lancer ×5 |
| 20:53 | Create | Steppe Lancer ×5 |
| 20:59 | Create | Steppe Lancer ×5 |
| 20:59 | Create | Steppe Lancer ×5 |
| 21:00 | Create | Steppe Lancer ×5 |
| 21:05 | Create | Steppe Lancer ×5 |
| 21:06 | Create | Steppe Lancer ×5 |
| 21:06 | Create | Steppe Lancer ×5 |
| 21:12 | Create | Steppe Lancer ×5 |
| 21:12 | Create | Steppe Lancer ×5 |
| 21:13 | Create | Steppe Lancer ×5 |
| 21:13 | Create | Steppe Lancer ×5 |
| 21:19 | Create | Steppe Lancer ×5 |
| 21:19 | Create | Steppe Lancer ×5 |
| 21:19 | Create | Steppe Lancer ×5 |
| 21:26 | Create | Cavalry Archer ×5 |
| 21:26 | Create | Cavalry Archer ×2 |
| 21:31 | Create | Cavalry Archer ×5 |
| 21:31 | Create | Cavalry Archer ×2 |
| 21:39 | Create | Cavalry Archer ×4 |
| 21:48 | Research | Heavy Cavalry Archer (upgrade) |
| 21:49 | Research | Parthian Tactics |
| 21:51 | Research | Arbalester (upgrade) |
| 21:51 | Research | Arbalester (upgrade) |
| 21:52 | Create | Cavalry Archer |
| 22:02 | Research | Elite Steppe Lancer (upgrade) |
| 22:05 | Research | Heavy Camel Rider (upgrade) |
| 22:08 | Research | Cavalier (upgrade) |
| 22:09 | Research | Hussar (upgrade) |
| 22:13 | Research | Spies/Treason |
| 22:14 | Research | Conscription |
| 22:17 | Research | Drill |
| 22:19 | Research | Sappers |
| 22:21 | Research | Elite Mangudai (upgrade) |
| 22:25 | Research | Chemistry |
| 22:26 | Research | Shipwright |
| 22:27 | Research | Tech 907 |
| 22:28 | Research | Siege Engineers |
| 22:31 | Research | Blast Furnace |
| 22:31 | Research | Plate Mail Armor |
| 22:32 | Research | Bracer |
| 23:11 | Create | Steppe Lancer ×5 |
| 23:11 | Create | Steppe Lancer ×5 |
| 23:11 | Create | Steppe Lancer ×4 |
| 23:17 | Create | Steppe Lancer ×5 |
| 23:18 | Create | Steppe Lancer ×5 |
| 23:18 | Create | Steppe Lancer ×4 |
| 23:23 | Create | Steppe Lancer ×5 |
| 23:24 | Create | Steppe Lancer ×5 |
| 23:24 | Create | Steppe Lancer ×3 |
| 23:25 | Create | Steppe Lancer ×3 |
| 23:25 | Create | Steppe Lancer |
| 23:29 | Create | Steppe Lancer ×5 |
| 23:29 | Create | Steppe Lancer |
| 23:30 | Create | Steppe Lancer |
| 23:36 | Create | Steppe Lancer ×5 |
| 23:36 | Create | Steppe Lancer |
| 23:43 | Create | Steppe Lancer ×5 |
| 23:43 | Create | Steppe Lancer |
| 23:44 | Create | Steppe Lancer |
| 23:52 | Create | Steppe Lancer ×5 |
| 23:52 | Create | Steppe Lancer ×2 |
| 23:59 | Create | Steppe Lancer ×5 |
| 23:59 | Create | Steppe Lancer ×2 |
| 24:05 | Create | Steppe Lancer ×5 |
| 24:06 | Create | Steppe Lancer ×5 |
| 24:06 | Create | Steppe Lancer ×5 |
| 24:57 | Build | Siege Workshop |
| 24:58 | Build | Siege Workshop |
| 25:03 | Build | Siege Workshop |
| 25:04 | Build | Siege Workshop |
| 26:00 | Create | Cavalry Archer ×5 |
| 26:00 | Create | Cavalry Archer ×4 |
| 26:05 | Create | Cavalry Archer ×5 |
| 26:06 | Create | Cavalry Archer ×4 |
| 26:12 | Create | Cavalry Archer ×5 |
| 26:12 | Create | Cavalry Archer ×5 |
| 26:18 | Create | Cavalry Archer ×5 |
| 26:18 | Create | Cavalry Archer ×4 |
| 26:25 | Research | Heavy Scorpion (upgrade) |
| 26:27 | Research | Onager (upgrade) |
| 26:28 | Research | Capped Ram (upgrade) |
Match timeline
| 5:11 | Blindbaker · first_building Archery Range |
| 6:17 | Blindbaker · wall_segment Stone Wall x10 |
| 8:06 | Blindbaker · wall_segment Stone Wall x6 |
| 8:40 | Ceejay1981 · first_building Archery Range |
| 8:55 | Ceejay1981 · first_building Stable |
| 10:24 | Blindbaker · first_building Stable |
| 10:46 | Hutchy · first_building Stable |
| 10:49 | yersonrodriguezcdrn · first_building Stable |
| 12:39 | Blindbaker · wall_segment Stone Wall x16 |
| 17:26 | StarL0902 · first_building Archery Range |
| 17:58 | StarL0902 · first_building Stable |
| 21:42 | Trash Panda · first_building Stable |
| 23:32 | Blindbaker · first_building Siege Workshop |
| 24:57 | Ceejay1981 · first_building Siege Workshop |
| 26:44 | e307ba01a · resign |
[ AI ANALYSIS · 1 CREDIT ]
What really happened in this match?
Wolo.gg analyzes every decision: build order, eco, micro, common mistakes by bracket. Personalized analysis on WhatsApp or Discord in 30 seconds.
Civ guide
Poles
Perfil
Jugador #5508625